 Dungeon Crawl Stone Soup version 0.29.1-4-g47bece8355 (webtiles) character file.

Game seed: 12000916560591471907

35 Descartes the Firebug (level 3, -1/19 HPs)
             Began as a Deep Elf Fire Elementalist on Dec 11, 2022.
             Slain by a goblin
             ... wielding a +2 dagger of speed
             ... led by Robin
              (2 damage)
             ... on level 2 of the Dungeon.
             The game lasted 00:01:57 (1627 turns).

Descartes the Firebug (Deep Elf Fire Elementalist)  Turns: 1627, Time: 00:01:58

Health: -1/19      AC:  2    Str:  5    XL:     3   Next: 16%
Magic:  7/9        EV: 17    Int: 21    God:
Gold:   24         SH:  0    Dex: 15    Spells: 7/8 levels left

rFire   . . .      SeeInvis .   f - +1 short sword (venom)
rCold   . . .      Faith    .   (no shield)
rNeg    . . .      Spirit   .   a - +0 robe
rPois   .          Reflect  .   (no helmet)
rElec   .          Harm     .   (no cloak)
rCorr   .          Rampage  .   (no gloves)
Will    .....                   (no boots)
Stlth   ++........              (no amulet)
HPRegen 0.06/turn               c - +4 ring of evasion
MPRegen 0.11/turn               (no ring)

@: hasted, very quick
A: no striking features
a: no special abilities


You were on level 2 of the Dungeon.
You visited 1 branch of the dungeon, and saw 2 of its levels.

You collected 24 gold pieces.

Inventory:

Hand Weapons
 f - a +1 short sword of venom (weapon)
Armour
 a - a +0 robe (worn)
Jewellery
 c - a +4 ring of evasion (left hand)
 e - a ring of positive energy
Scrolls
 g - 2 scrolls of identify {unknown}
 h - a scroll of vulnerability {unknown}
Potions
 b - a potion of magic


   Skills:
 + Level 2.9 Dodging
 + Level 3.0 Stealth
 + Level 3.4 Spellcasting
 + Level 1.8 Conjurations
 + Level 3.6 Fire Magic


You had 7 spell levels left.
You knew the following spells:

 Your Spells              Type           Power      Damage    Failure   Level
a - Foxfire               Conj/Fire      60%        2x1d7     4%          1

Your spell library contained the following spells:

 Spells                   Type           Power      Damage    Failure   Level
 Scorch                   Fire           36%        2d6       4%          2
 Conjure Flame            Conj/Fire      15%        6-21      12%         3
 Inner Flame              Hex/Fire       11%        N/A       19%         3
 Flame Wave               Conj/Fire      15%        2d7       38%         4


Dungeon Overview and Level Annotations

Branches:
Dungeon (2/15)

Altars:

Annotations:
D:2 Robin


Message History

There is an escape hatch in the floor here.
You slide downwards.
The hatch slams shut behind you.
The goblin shouts! x2; The hobgoblin shouts!
The goblin shouts! x4
Robin shouts!
The goblin shouts! x2
Unknown command.
Robin attacks as you move away! Robin hits you with a +0 mace.
Robin throws the goblin at you! The goblin misses you.
The goblin completely misses you. The goblin closely misses you.
The goblin shouts!
The goblin hits you with a +0 dagger.
Casting: Foxfire (safe; 4% risk of failure)
Confirm with . or Enter, or press ? or * to list all spells.
You conjure some foxfire!
The goblin hits you with a +2 dagger of speed.
A rat comes into view.
The goblin barely misses you.
The foxfire hits the goblin.
You kill the goblin!
The goblin misses you. The goblin completely misses you.
Robin roars a battlecry!
The goblins go into a battle-frenzy!
It was a potion of haste.
You feel yourself speed up.
The foxfire hits Robin.
Robin is lightly wounded.
The goblin hits you with a +2 dagger of speed.
The goblin closely misses you. The goblin barely misses you.
The goblin hits you with a +0 dagger.
* * * LOW HITPOINT WARNING * * *
The goblin misses you.
Casting: Foxfire (safe; 4% risk of failure)
Confirm with . or Enter, or press ? or * to list all spells.
You conjure some foxfire!
The goblin hits you with a +2 dagger of speed.
* * * LOW HITPOINT WARNING * * *
The goblin misses you.
The foxfire hits Robin.
Robin is moderately wounded.
The goblin closely misses you. x2
A goblin comes into view. It is wielding a +0 club.
The goblin misses you. x2
The goblin hits you with a +2 dagger of speed.
You die...

. ##. # ##.##
# #. ##...##
.##
#g#...g.#...##
#...ggggg.....
#...@g#
##ggg## ##.##
#g# #.# #.#
#.# #.# #..


You could see Robin, a hobgoblin (strong) and 10 goblins.

Vanquished Creatures
  3 dart slugs (D:1)
  7 ball pythons (D:1)
  2 endoplasms (D:1)
  5 goblins
  A hobgoblin (D:1)
  A quokka (D:1)
  3 bats (D:1)
  A frilled lizard (D:1)
  2 kobolds (D:1)
  A rat (D:1)
26 creatures vanquished.

Vanquished Creatures (others)
  95 foxfires
95 creatures vanquished.

Grand Total: 121 creatures vanquished

Notes
Turn   | Place    | Note
-------+----------+-------------------------------------------
     0 | D:1      | Descartes the Deep Elf Fire Elementalist began the quest
                  | for the Orb.
     0 | D:1      | Reached XP level 1. HP: 10/10 MP: 6/6
   223 | D:1      | Reached XP level 2. HP: 4/15 MP: 4/8
   951 | D:1      | Found a faded altar of an unknown god.
  1340 | D:1      | Reached XP level 3. HP: 19/19 MP: 5/9
  1622 | D:2      | Noticed Robin
  1627 | D:2      | Slain by a goblin

Illustrated notes

Levels and vault maps discovered:
D:1:      minmay_arrival_five_plusses, layout_basic,
          hellmonk_ecumenical_altar_run_dry
D:2:      layout_loops_ring, basic_altar, uniq_robin, uniq_sigmund

Skill      XL: |  1  2 |
---------------+-------+-----
Stealth        | 3 |  3.0
Dodging        | |  2.9
Spellcasting   | |  3.4
Conjurations   | |  1.8
Fire Magic     | |  3.6

Action                   || total
-------------------------++-------
 Cast: Foxfire           ||    57
  Use: Potion            ||     1
Dodge: Dodged            ||    23
